 Dungeon Crawl Stone Soup version 0.24.0-1-gfbc8707 (webtiles) character file.

Game seed: 12462428755485579095, levelgen mode: deterministic

28970 MacrostheBlack the Protected (level 13, 0/83 HPs)
             Began as a Gargoyle Earth Elementalist on Nov 7, 2019.
             Was the Champion of Okawaru.
             Blown up by an eye of devastation (33 damage)
             ... with a bolt of energy
             ... on level 5 of the Lair of Beasts.
             The game lasted 01:24:45 (17693 turns).

MacrostheBlack the Protected (GrEE)                Turns: 17693, Time: 01:24:46

Health: 0/83       AC: 22    Str: 11    XL:     13   Next: 42%
Magic:  22/24      EV: 13    Int: 31    God:    Okawaru [******]
Gold:   4149       SH:  5    Dex: 17    Spells: 14/27 levels left

rFire    + . .     SeeInvis .   S - +4 flail of Stickiness {distort, Int+2 Dex+7}
rCold    . . .     Gourm    .   i - +0 buckler
rNeg     + . .     Faith    .   e - +3 leather armour of Listlessness {rPois Str-2 Int+9}
rPois    ∞         Spirit   .   v - +0 helmet
rElec    +         Reflect  .   (no cloak)
rCorr    .         Harm     .   g - +0 pair of gloves
MR       .....                  E - +1 pair of boots {run}
Stlth    +++.......             L - amulet of magic regeneration
HPRegen  0.23/turn              a - ring of stealth
MPRegen  0.44/turn              j - ring of protection from fire

@: quick
A: negative energy resistance 1, electricity resistance, unbreathing,
petrification resistance, rot immunity, AC +9
a: Heroism, Finesse, Renounce Religion


You were on level 5 of the Lair of Beasts.
You worshipped Okawaru.
Okawaru was exalted by your worship.
You were not hungry.

You visited 3 branches of the dungeon, and saw 16 of its levels.
You also visited: Ossuary and Bailey.

You collected 4383 gold pieces.
You spent 234 gold pieces at shops.

Inventory:

Hand Weapons
 S - the +4 flail of Stickiness (weapon) {distort, Int+2 Dex+7}
   (You took it off an orc on level 9 of the Dungeon)

   It warps and distorts space around it.
   Unwielding it can cause banishment or high damage.
   It affects your intelligence (+2).
   It affects your dexterity (+7).
 Z - a +2 morningstar of protection
Missiles
 m - 254 arrows
 U - 91 stones (quivered)
Armour
 e - the +3 leather armour of Listlessness (worn) {rPois Str-2 Int+9}
   (You found it on level 4 of the Dungeon)

   It affects your strength (-2).
   It affects your intelligence (+9).
   It protects you from poison.
 g - a +0 pair of gloves (worn)
 i - a +0 buckler (worn)
 v - a +0 helmet (worn)
 E - a +1 pair of boots of running (worn)
 Q - +1 ice dragon scales
Magical Staves
 M - an uncursed staff of summoning
Jewellery
 a - a ring of stealth (left hand)
 j - a ring of protection from fire (right hand)
 L - an amulet of magic regeneration (around neck)
Wands
 y - a wand of acid (21)
 F - a wand of disintegration (30)
 H - a wand of iceblast (8)
 I - a wand of enslavement (5)
 K - a wand of clouds (4)
 O - a wand of polymorph (18)
 P - a wand of paralysis (4)
 R - a wand of flame (7)
 T - a wand of scattershot (7)
Scrolls
 k - 7 scrolls of remove curse
 l - 3 scrolls of magic mapping
 n - 2 scrolls of enchant armour
 o - 3 scrolls of blinking {unknown}
 q - 2 scrolls of fear {unknown}
 t - a scroll of fog
 u - 5 scrolls of teleportation
 A - 4 scrolls of enchant weapon {unknown}
 G - a scroll of amnesia
 J - 2 scrolls of noise {unknown}
 V - 2 scrolls of vulnerability {unknown}
 W - a scroll of brand weapon
 Y - a scroll of summoning
Potions
 c - 3 potions of brilliance
 f - 3 potions of might
 h - 13 potions of curing
 p - 3 potions of flight
 r - 2 potions of cancellation
 s - a potion of magic {unknown}
 w - 2 potions of ambrosia
 x - 2 potions of haste
 z - 2 potions of agility
 B - 3 potions of mutation
 C - a potion of lignification
 D - a potion of heal wounds
 N - a potion of invisibility
 X - a potion of resistance {unknown}
Miscellaneous
 b - a box of beasts
Comestibles
 d - 19 rations


   Skills:
 * Level 10.5 Fighting
 + Level 8.9 Maces & Flails
 * Level 10.6 Armour
 + Level 3.5 Dodging
 - Level 2.1 Stealth
 - Level 4.1 Shields
 + Level 7.6 Spellcasting
 - Level 6.0 Conjurations
 - Level 4.0 Transmutations
 - Level 10.0 Earth Magic
 + Level 6.4 Invocations


You had 14 spell levels left.
You knew the following spells:

 Your Spells              Type           Power        Failure   Level  Hunger
a - Sandblast             Erth           ######       1%          1    None
b - Stone Arrow           Conj/Erth      ######       1%          3    None
c - Petrify               Tmut/Erth      ######..     3%          4    #......
d - Lee's Rapid Deconstr  Erth           ######....   2%          5    ####...

Your spell library contained the following spells:

 Spells                   Type           Power        Failure   Level  Hunger
 Flame Tongue             Conj/Fire      ####.        1%          1    None
 Shock                    Conj/Air       ####         1%          1    None
 Passwall                 Tmut/Erth      ######..     1%          2    None
 Throw Flame              Conj/Fire      ####..       2%          2    None
 Conjure Flame            Conj/Fire      ####....     4%          3    None
 Static Discharge         Conj/Air       ####....     4%          3    None
 Swiftness                Chrm/Air       ##......     8%          2    None
 Sticky Flame             Conj/Fire      ####....     14%         4    #......
 Inner Flame              Hex/Fire       ##......     16%         3    None
 Bolt of Magma            Conj/Fire/Erth #####.....   16%         5    ####...
 Iron Shot                Conj/Erth      ######....   28%         6    ######.
 Fireball                 Conj/Fire      ####......   38%         5    ####...
 Iskenderun's Battlesphe  Conj/Chrm      ####....     38%         5    ####...
 Lightning Bolt           Conj/Air       ####......   38%         5    ####...
 Venom Bolt               Conj/Pois      ####......   38%         5    ####...
 Airstrike                Air            ##........   45%         4    #......
 Orb of Destruction       Conj           #####.....   98%         7    #######
 Spellforged Servitor     Conj/Summ      ####......   100%        7    #######


Dungeon Overview and Level Annotations

Branches:
Dungeon (10/15)            Temple (1/1) D:4            Lair (5/6) D:8
  Swamp (0/4) Lair:4        Snake (0/4) Lair:4      Ossuary (visited)
 Bailey (visited)
  Slime: Lair:5-6       Orc: D:9-12

Altars:
Ashenzari
Cheibriados
Dithmenos
Elyvilon
Fedhas
Gozag
Hepliaklqana
Kikubaaqudgha
Makhleb
Nemelex Xobeh
Okawaru
Qazlal
Ru
Sif Muna
Trog
Uskayaw
Vehumet
Wu Jian
Xom
Yredelemnul
Zin
The Shining One

Shops:
D:10 !

Annotations:
Lair:2 exclusion: oklob plant
Lair:3 exclusion: 5 oklob plants


Innate Abilities, Weirdness & Mutations

You are resistant to torment.
Your stone body is resilient. (AC +9)
You are immune to poison.
You resist negative energy. (rN+)
You are resistant to electric shocks. (rElec)
You can survive without breathing.
You are immune to petrification.
You are immune to rotting.


Message History

U - 93 stones
Casting: Sandblast (safe; 1% risk of failure)
Confirm with . or Enter, or press ? or * to list all spells.
Aiming: Sandblast (safe; 1% risk of failure)
Press: ? - help, Shift-Dir - straight line, f/p - eye of devastation
Aim: an eye of devastation (severely wounded)
The blast of sand hits the eye of devastation!
The eye of devastation is almost dead.
U - 92 stones
Casting: Sandblast (safe; 1% risk of failure)
Confirm with . or Enter, or press ? or * to list all spells.
Aiming: Sandblast (safe; 1% risk of failure)
Press: ? - help, Shift-Dir - straight line, f/p - eye of devastation
Aim: an eye of devastation (almost dead)
The blast of sand hits the eye of devastation.
The eye of devastation is almost dead.
U - 91 stones The eye of devastation gazes at you.
The bolt of energy hits you!!
You die...

.†..................##
.....................#
....................##
....................##
..#.#.P.#. #.......†P#
########. #.........#
##........####
#.........#P.##
#.#....@.......#
.......G.......#
...##...........# ..
#....####..## # #..#..
...# ..#.#...#. .P##
##.......... ##
##.....?. .. # ####
#P.....


You could see an eye of devastation.

Vanquished Creatures
  Josephine (D:9)
  A hydra (Lair:1)
  4 two-headed ogres
  Pikel (D:3)
  8 elephants
  Joseph (D:8)
  A black mamba (Lair:2)
  7 spiny frogs
  2 rime drakes
  5 komodo dragons
  A troll (D:10)
  A polar bear (Lair:4)
  A slime creature (D:10)
  7 blink frogs
  6 hippogriffs
  3 wraiths
  12 yaks
  3 basilisks
  4 wyverns
  4 hogs (D:9)
  A steam dragon (D:7)
  2 hungry ghosts
  A human (D:9)
  3 nagas (Lair:4)
  A soldier ant (D:9)
  8 water moccasins
  7 porcupines
  11 orc warriors
  4 sky beasts
  2 ice beasts
  2 black bears
  2 phantoms
  6 wolves (Lair:5)
  4 ogres
  4 centaurs
  11 crocodiles
  A big kobold (D:10)
  8 bullfrogs
  3 wyvern skeletons
  A scorpion (D:7)
  5 killer bees (D:9)
  A wight (D:10)
  2 electric eels (Lair:3)
  5 howler monkeys
  6 crimson imps
  A bullfrog zombie (D:9)
  2 centaur zombies
  A human zombie (Ossuary)
  3 jellies
  3 orc priests
  A bullfrog skeleton (D:10)
  6 hounds
  4 iguanas
  10 orc wizards
  7 worker ants
  A big kobold zombie (Ossuary)
  2 hound zombies
  A hound skeleton (D:10)
  4 mummies (Ossuary)
  A worker ant zombie (D:5)
  6 gnolls
  3 adders
  A shadow imp (D:4)
  An ooze (D:3)
  3 worms
  An adder skeleton (D:4)
  A dart slug (D:1)
  8 leopard geckos
  37 orcs
  9 bats
  8 giant cockroaches
  15 goblins
  8 hobgoblins
  13 jackals
  14 kobolds
  5 quokkas
  4 ball pythons
  5 frilled lizards
  A gnoll zombie (Ossuary)
  A goblin zombie (Ossuary)
  A jackal skeleton (D:5)
  2 kobold zombies (Ossuary)
  A leopard gecko skeleton (D:4)
  An orc zombie (Ossuary)
  9 rats
  A plant (Lair:3)
380 creatures vanquished.

Vanquished Creatures (others)
  A two-headed ogre (D:10)
  A blink frog (Lair:4)
  A hippogriff (Lair:1)
  2 wraiths
  2 yaks (D:9)
  A naga (Lair:4)
  A porcupine (Lair:5)
  An eye of draining (Lair:5)
  A big kobold (D:9)
  A crimson imp (D:9)
  A jelly (D:4)
  An orc priest (D:10)
  An orc (D:9)
  2 fungi
  5 plants
22 creatures vanquished.

Grand Total: 402 creatures vanquished

Notes
Turn   | Place    | Note
-------+----------+-------------------------------------------
     0 | D:1      | MacrostheBlack the Gargoyle Earth Elementalist began the
                  | quest for the Orb.
     0 | D:1      | Reached XP level 1. HP: 10/10 MP: 3/3
   116 | D:1      | Reached XP level 2. HP: 15/15 MP: 1/5
   516 | D:1      | Reached XP level 3. HP: 19/19 MP: 3/6
   641 | D:1      | You fall into a shaft and drop 1 floor!
   970 | D:2      | Reached skill level 5 in Earth Magic
   970 | D:2      | Reached XP level 4. HP: 24/24 MP: 0/8
  1060 | D:1      | Learned a level 3 spell: Stone Arrow
  1065 | D:1      | Learned a level 4 spell: Petrify
  1168 | D:2      | Found an ancient bone altar of Kikubaaqudgha.
  1168 | D:2      | Found a snail-covered altar of Cheibriados.
  1443 | D:2      | Found a shattered altar of Ashenzari.
  2439 | D:3      | Reached XP level 5. HP: 28/28 MP: 5/9
  2475 | D:3      | Reached XP level 6. HP: 32/32 MP: 2/11
  2692 | D:4      | Noticed a slave
  3232 | D:4      | Noticed Pikel
  3232 | D:4      | Noticed a slave
  3232 | D:4      | Noticed a slave
  3242 | D:4      | Noticed a slave
  3270 | D:3      | Killed Pikel
  3270 | D:3      | Reached XP level 7. HP: 6/36 MP: 3/14
  3585 | D:4      | Got a heavily runed leather armour
  3596 | D:4      | Identified the +3 leather armour of Listlessness {rPois
                  | Str-2 Int+9} (You found it on level 4 of the Dungeon)
  3656 | D:4      | Found a staircase to the Ecumenical Temple.
  3665 | Temple   | Entered the Ecumenical Temple
  4008 | D:5      | Entered Level 5 of the Dungeon
  4125 | D:5      | Noticed a hungry ghost
  4130 | D:5      | Killed a hungry ghost
  4130 | D:5      | Reached skill level 1 in Shields
  4130 | D:5      | Reached XP level 8. HP: 42/42 MP: 12/15
  4206 | D:5      | Reached skill level 1 in Armour
  4286 | D:5      | Reached skill level 1 in Fighting
  4286 | D:5      | Reached skill level 5 in Spellcasting
  4463 | D:5      | Reached skill level 1 in Maces & Flails
  5127 | D:6      | Found an iron altar of Okawaru.
  5140 | D:6      | Reached skill level 10 in Earth Magic
  5156 | D:6      | Became a worshipper of Warmaster Okawaru
  5166 | D:6      | Reached XP level 9. HP: 49/49 MP: 11/16
  5405 | D:6      | Found a burning altar of Makhleb.
  5405 | D:6      | Noticed a balrug
  5408 | D:6      | Noticed an orange demon
  5408 | D:6      | Noticed an orange demon
  5544 | D:7      | Reached * piety under Okawaru
  6101 | D:7      | Reached ** piety under Okawaru
  6101 | D:7      | Reached skill level 5 in Fighting
  6101 | D:7      | Reached skill level 5 in Armour
  6361 | D:7      | Found a sparkling altar of Nemelex Xobeh.
  6525 | D:7      | Reached skill level 5 in Maces & Flails
  6876 | D:8      | Found a sand-covered staircase.
  6882 | Ossuary  | Entered an ossuary
  6905 | Ossuary  | Reached XP level 10. HP: 59/59 MP: 13/17
  7109 | D:8      | Got an ancient quarterstaff
  7110 | D:8      | Identified the +4 quarterstaff "Banisher" {drain, MR+} (You
                  | found it on level 8 of the Dungeon)
  7148 | D:8      | Noticed Joseph
  7274 | D:8      | Found a stormy altar of Qazlal.
  7275 | D:8      | Found a radiant altar of Vehumet.
  7275 | D:8      | Found a white marble altar of Elyvilon.
  7281 | D:8      | Found a glowing silver altar of Zin.
  7281 | D:8      | Found an ornate altar of the Wu Jian Council.
  7283 | D:8      | Found a basalt altar of Yredelemnul.
  7284 | D:8      | Found a sparkling altar of Nemelex Xobeh.
  7296 | D:8      | Killed Joseph
  7575 | D:8      | Found a staircase to the Lair.
  7701 | D:8      | Found a shadowy altar of Dithmenos.
  7869 | D:9      | Found a flagged portal.
  7892 | Bailey   | Entered a bailey
  8345 | Bailey   | HP: 1/61 [orc warrior/+0 trident (15)]
  8353 | Bailey   | Reached *** piety under Okawaru
  8820 | Bailey   | Found the +2 pair of boots of the Assassin {Detection Stab+
                  | Stlth++}
  9206 | D:9      | Reached skill level 1 in Conjurations
  9206 | D:9      | Reached skill level 1 in Invocations
  9426 | D:9      | Noticed a two-headed ogre
  9452 | D:9      | Killed a two-headed ogre
  9452 | D:9      | Reached **** piety under Okawaru
  9452 | D:9      | Reached XP level 11. HP: 40/67 MP: 2/19
  9573 | D:9      | Learned a level 5 spell: Lee's Rapid Deconstruction
 10059 | D:9      | Identified the +4 flail of Stickiness {distort, Int+2
                  | Dex+7}
 10543 | D:10     | Entered Level 10 of the Dungeon
 10548 | D:10     | Noticed Josephine
 10579 | D:10     | Found Dipihapt's Distillery.
 10594 | D:10     | Reached ***** piety under Okawaru
 10774 | D:10     | Bought a potion of heal wounds for 65 gold pieces
 10774 | D:10     | Bought a potion of curing for 39 gold pieces
 10774 | D:10     | Bought a potion of haste for 130 gold pieces
 10803 | D:10     | Noticed a two-headed ogre
 10828 | D:10     | Reached skill level 1 in Transmutations
 10869 | D:10     | Got an ichor-stained mace
 10873 | D:10     | Banished a two-headed ogre
 11286 | D:10     | Noticed a two-headed ogre
 11293 | D:10     | Noticed a two-headed ogre
 11303 | D:10     | Killed a two-headed ogre
 11367 | D:9      | Killed a two-headed ogre
 11820 | D:10     | Noticed a two-headed ogre
 11848 | D:9      | Killed Josephine
 11848 | D:9      | Reached XP level 12. HP: 38/75 MP: 12/21
 12024 | D:9      | Killed a two-headed ogre
 12024 | D:9      | Received a gift from Okawaru
 12894 | Lair:1   | Entered Level 1 of the Lair of Beasts
 12897 | Lair:1   | Reached skill level 5 in Conjurations
 12985 | Lair:1   | Reached skill level 5 in Invocations
 13599 | Lair:1   | Noticed a five-headed hydra
 13849 | Lair:1   | Noticed a four-headed hydra
 13854 | Lair:1   | Killed a four-headed hydra
 13854 | Lair:1   | Reached ****** piety under Okawaru
 14366 | Lair:2   | Received a gift from Okawaru
 14744 | Lair:2   | Identified a scroll of acquirement
 15328 | Lair:3   | Found a burning altar of Makhleb.
 15720 | Lair:3   | Reached skill level 10 in Armour
 15724 | Lair:3   | Reached XP level 13. HP: 82/82 MP: 3/23
 16017 | Lair:4   | Found a staircase to the Swamp.
 16053 | Lair:4   | Received a gift from Okawaru
 16069 | Lair:4   | Got an ichor-stained triple sword {god gift}
 16164 | Lair:4   | Reached skill level 10 in Fighting
 16456 | Lair:4   | Found a staircase to the Snake Pit.
 17300 | Lair:5   | Identified the +1 triple sword of Mirch {vamp, rPois Int+4}
                  | (Okawaru gifted it to you on level 4 of the Lair of Beasts)
 17352 | Lair:5   | Received a gift from Okawaru
 17573 | Lair:5   | Received a gift from Okawaru
 17587 | Lair:5   | Identified a +1 pair of boots of running (Okawaru gifted it
                  | to you on level 5 of the Lair of Beasts)
 17693 | Lair:5   | Blown up by an eye of devastation

Levels and vault maps discovered:
D:1:      saegor_arrival_simple_c, layout_basic
D:2:      layout_loops_ring, ashenzari_conservatory_becter,
          gammafunk_temple_overflow_wave
D:3:      layout_loops_corners, minmay_cut_off
D:4:      layout_basic, minmay_temple_entry_drinking_statues, first_ration,
          uniq_pikel
D:5:      layout_basic
D:6:      layout_rooms, okawaru_metal_pillars_1_2, makhleb_altar_promises_db,
          sigmund_army
D:7:      layout_basic, serial_curves, eino_curves_01, eino_curves_02,
          nemelex_diamond_rough_becter
D:8:      layout_loops_corners, lemuel_coloured_pillars_altar,
          grunt_temple_overflow_open, lair_entry_dummy,
          nicolae_ossuary_entry_monument, uniq_joseph
D:9:      layout_irregular_city, enter_bailey_3, grunt_livestock
D:10:     hangedman_cross_cluster, layout_cave_pools, serial_shops,
          nicolae_shop_stone, uniq_josephine
Temple:   jpeg_temple_island
Lair:1:   layout_cave_pods, st_stairs_4, nzn_random_ring
Lair:2:   layout_gridlike, minmay_lair_oklob_bushes, serial_bayou_shore_b,
          grunt_megastairs_2
Lair:3:   layout_cave_shapes, basic_altar, serial_bayou_shore_a,
          minmay_lair_oklob_chamber
Lair:4:   layout_cave_shapes, swamp_mist, minmay_snake_entry_guardpost_medium
Lair:5:   layout_big_grid, minmay_slime_entry_eyes, grunt_megastairs_4

Skill      XL: |  1  2  3  4  5  6  7  8  9 10 11 12 13 |
---------------+----------------------------------------+-----
Earth Magic    | 4 5 6 9 10 | 10.0
Spellcasting   | 3 4 5 6 7 |  7.6
Shields        | 1 3 4 |  4.1
Armour         | 2 5 7 8 10 | 10.6
Fighting       | 2 5 7 8 9 10 | 10.5
Maces & Flails | 2 5 6 7 8 |  8.9
Conjurations   | 2 4 5 6 |  6.0
Invocations    | 2 4 5 6 |  6.4
Transmutations | 2 3 4 |  4.0
Dodging        | 2 3 |  3.5
Stealth        | |  2.1

Action                   |  1- 3 |  4- 6 |  7- 9 | 10-12 | 13-15 || total
-------------------------+-------+-------+-------+-------+-------++-------
Melee: Short sword       |    18 |   141 |       |       |       ||   159
       Whip              |       |       |    98 |   126 |       ||   224
       Flail             |       |       |       |   272 |    21 ||   293
 Cast: Sandblast         |    46 |    37 |   120 |   128 |    43 ||   374
       Stone Arrow       |       |       |       |   181 |    76 ||   257
       Lee's Rapid Decon |       |       |       |     4 |       ||     4
Evoke: Wand              |       |       |       |     6 |       ||     6
  Use: Scroll            |       |     5 |     1 |    16 |     4 ||    26
       Potion            |       |       |       |     3 |       ||     3
 Stab: Sleeping          |     3 |    17 |    14 |    16 |     7 ||    57
       Distracted        |     1 |       |       |     1 |       ||     2
  Eat: Chunk             |     1 |     7 |     7 |    22 |     2 ||    39
       Ration            |       |       |     1 |     3 |     1 ||     5
Armor: Robe              |    14 |    65 |     1 |       |       ||    80
       Leather armour    |       |       |    67 |   282 |    59 ||   408
Dodge: Dodged            |    20 |   105 |    76 |   278 |    69 ||   548
Block: Buckler           |       |       |    32 |   141 |    22 ||   195
